[ AOE2 MATCH · #484034486 ]
UnrankedEthiopians vs Mongols
[ REPLAY ANALYSIS · EXTRACTED FROM THE RECORDED GAME ]
Feudal
—
Castle
—
Imperial
—
| APM avg | 17.5 |
| APM peak | 71 |
| eAPM avg | 11.9 |
| Villagers / military | 95 / 629 |
Focus
⚔️ 64.7% · 🌾 35.3%
Spearman ×197 · Skirmisher ×158 · Archer ×150 · Shotel Warrior ×101 · Trade Cart ×12 · Trebuchet (Packed) ×11
Feudal
11:54
Castle
22:55
Imperial
45:26
| APM avg | 14.0 |
| APM peak | 127 |
| eAPM avg | 12.7 |
| Villagers / military | 152 / 370 |
Focus
⚔️ 32.3% · 🌾 67.7%
Mangudai ×210 · Skirmisher ×95 · Scout Cavalry ×28 · Trebuchet (Packed) ×21 · Archer ×14 · Mangonel ×2
Feudal
10:47
Castle
38:52
Imperial
61:47
| APM avg | 18.7 |
| APM peak | 217 |
| eAPM avg | 17.4 |
| Villagers / military | 158 / 1019 |
Focus
⚔️ 60.1% · 🌾 39.9%
Scout Cavalry ×795 · Knight ×63 · Throwing Axeman ×57 · Militia ×29 · Bombard Cannon ×29 · Trade Cart ×22
Feudal
11:21
Castle
19:39
Imperial
43:33
| APM avg | 44.7 |
| APM peak | 202 |
| eAPM avg | 28.2 |
| Villagers / military | 102 / 711 |
Focus
⚔️ 54.5% · 🌾 45.5%
Skirmisher ×206 · Scout Cavalry ×168 · Archer ×112 · Spearman ×102 · Knight ×74 · War Elephant ×20
Match map
Initial resources + every placement click. Lines = walls · curves = elevation contours. ◆ gold · ⬟ stone · ● berries · ✦ relic · ◌ wall gap
Your base· ✓ Closed at 22:58 · 11t walls · 1 gate(s)
MrAlwaysWins's base· ✓ Closed at 22:55 · 0t walls · no gate
josemamusik's base· ✓ Closed at 38:52 · 95t walls · 3 gate(s)
leehunt85's base· ✓ Closed at 19:39 · 29t walls · 1 gate(s)
Smoothed initial terrain · ◌ = detected wall gap · hover for details
Inputs per minute
— Rogebeto - - MrAlwaysWins
Build order — Rogebeto
First 150 of 867 actions detected
| 0:09 | Build | House |
| 0:12 | Build | House |
| 0:14 | Create | Villager (Male) |
| 0:14 | Create | Villager (Male) |
| 0:14 | Create | Villager (Male) |
| 0:14 | Create | Villager (Male) |
| 0:15 | Create | Villager (Male) |
| 0:16 | Research | Loom |
| 1:32 | Build | House |
| 1:40 | Build | Palisade Wall |
| 1:45 | Build | Palisade Gate |
| 1:51 | Create | Villager (Male) |
| 1:51 | Create | Villager (Male) |
| 2:21 | Create | Villager (Male) |
| 2:21 | Create | Villager (Male) |
| 3:02 | Create | Villager (Male) |
| 3:28 | Create | Villager (Male) |
| 4:10 | Create | Villager (Male) |
| 4:10 | Create | Villager (Male) |
| 4:42 | Create | Villager (Male) |
| 4:42 | Create | Villager (Male) |
| 5:33 | Create | Villager (Male) |
| 5:33 | Create | Villager (Male) |
| 5:43 | Build | Lumber Camp |
| 6:21 | Create | Villager (Male) |
| 6:56 | Build | Mill |
| 7:56 | Create | Villager (Male) |
| 8:26 | Build | Mining Camp |
| 8:52 | Research | Feudal Age |
| 10:04 | Build | Barracks |
| 10:08 | Build | House |
| 11:20 | Create | Villager (Male) |
| 11:47 | Build | Archery Range |
| 11:55 | Create | Villager (Male) |
| 11:55 | Create | Villager (Male) |
| 12:10 | Research | Double-Bit Axe |
| 12:31 | Build | Archery Range |
| 12:42 | Build | House |
| 12:48 | Research | Horse Collar |
| 12:50 | Create | Villager (Male) |
| 12:51 | Research | Wheelbarrow |
| 13:48 | Create | Archer |
| 13:48 | Create | Archer |
| 13:48 | Create | Archer |
| 13:48 | Create | Archer |
| 13:53 | Create | Spearman |
| 14:06 | Build | Farm |
| 14:44 | Create | Archer |
| 14:44 | Create | Archer |
| 14:44 | Create | Archer |
| 14:44 | Create | Archer |
| 14:50 | Create | Spearman |
| 14:52 | Create | Spearman |
| 14:56 | Create | Villager (Male) |
| 14:56 | Create | Villager (Male) |
| 15:06 | Build | House |
| 15:18 | Build | House |
| 15:24 | Build | House |
| 15:47 | Build | Blacksmith |
| 16:23 | Create | Villager (Male) |
| 16:29 | Build | Farm |
| 16:37 | Build | Farm |
| 16:49 | Build | Farm |
| 16:54 | Create | Archer |
| 16:54 | Create | Archer |
| 17:01 | Create | Spearman |
| 17:03 | Research | Arson |
| 17:31 | Create | Archer |
| 17:31 | Create | Archer |
| 17:31 | Create | Archer |
| 17:42 | Build | House |
| 17:44 | Research | Fletching |
| 17:45 | Research | Padded Archer Armor |
| 18:01 | Build | Farm |
| 18:18 | Build | Farm |
| 18:26 | Build | Farm |
| 18:29 | Create | Villager (Male) |
| 18:29 | Create | Villager (Male) |
| 19:06 | Build | House |
| 19:09 | Create | Villager (Male) |
| 19:32 | Build | Market |
| 20:08 | Build | House |
| 20:15 | Build | Mining Camp |
| 20:18 | Create | Villager (Male) ×5 |
| 20:38 | Build | Farm |
| 20:39 | Build | Farm |
| 21:11 | Create | Villager (Male) |
| 21:35 | Create | Archer |
| 21:36 | Create | Archer |
| 21:36 | Create | Archer |
| 21:36 | Create | Archer |
| 21:39 | Create | Archer |
| 21:39 | Create | Archer |
| 21:40 | Create | Skirmisher |
| 21:41 | Create | Skirmisher |
| 22:58 | Research | Castle Age |
| 23:27 | Create | Spearman |
| 23:27 | Create | Spearman |
| 23:35 | Create | Skirmisher |
| 23:35 | Create | Skirmisher |
| 23:35 | Create | Skirmisher |
| 23:36 | Create | Archer |
| 23:36 | Create | Archer |
| 23:57 | Build | House |
| 23:59 | Build | House |
| 24:53 | Create | Archer |
| 24:54 | Create | Archer |
| 24:54 | Create | Archer |
| 25:01 | Create | Spearman |
| 25:01 | Create | Spearman |
| 25:06 | Build | House |
| 25:26 | Research | Gold Mining |
| 25:26 | Research | Stone Mining |
| 25:47 | Build | Town Center |
| 25:54 | Research | Crossbowman (upgrade) |
| 26:02 | Create | Archer |
| 26:02 | Create | Archer |
| 26:02 | Create | Archer |
| 26:26 | Create | Villager (Male) |
| 26:27 | Create | Villager (Male) |
| 26:27 | Create | Villager (Male) |
| 26:27 | Create | Villager (Male) |
| 27:02 | Build | Town Center |
| 27:19 | Create | Villager (Male) |
| 27:20 | Create | Villager (Male) |
| 27:20 | Create | Villager (Male) |
| 27:20 | Create | Villager (Male) |
| 27:20 | Create | Villager (Male) |
| 27:48 | Create | Villager (Male) |
| 27:57 | Build | University |
| 28:02 | Create | Villager (Male) |
| 28:03 | Create | Villager (Male) |
| 28:54 | Create | Villager (Male) |
| 28:54 | Create | Villager (Male) |
| 28:54 | Create | Villager (Male) |
| 28:55 | Create | Villager (Male) |
| 29:20 | Research | Elite Skirmisher (upgrade) |
| 29:24 | Research | Ballistics |
| 30:33 | Build | Monastery |
| 30:56 | Research | Thumb Ring |
| 30:57 | Create | Archer |
| 30:57 | Create | Archer |
| 30:57 | Create | Archer |
| 31:06 | Research | Squires |
| 31:18 | Build | Farm |
| 31:23 | Create | Villager (Male) |
| 31:34 | Create | Villager (Male) |
| 31:35 | Create | Villager (Male) |
| 31:35 | Create | Villager (Male) |
| 31:35 | Create | Villager (Male) |
Build order — MrAlwaysWins
First 150 of 714 actions detected
| 0:03 | Create | Villager (Male) |
| 0:04 | Create | Villager (Male) |
| 0:04 | Create | Villager (Male) |
| 0:04 | Create | Villager (Male) |
| 0:11 | Build | House |
| 0:13 | Build | House |
| 0:14 | Build | House |
| 0:16 | Build | House |
| 1:43 | Create | Villager (Male) |
| 1:43 | Create | Villager (Male) |
| 2:25 | Create | Villager (Male) |
| 2:37 | Create | Villager (Male) |
| 2:38 | Create | Villager (Male) |
| 3:00 | Build | Lumber Camp |
| 3:07 | Create | Villager (Male) |
| 3:21 | Create | Villager (Male) |
| 3:21 | Create | Villager (Male) |
| 3:42 | Create | Villager (Male) |
| 3:42 | Create | Villager (Male) |
| 4:08 | Create | Villager (Male) |
| 5:17 | Create | Villager (Male) |
| 5:17 | Create | Villager (Male) |
| 6:19 | Create | Villager (Male) |
| 6:19 | Create | Villager (Male) |
| 6:19 | Create | Villager (Male) |
| 6:19 | Create | Villager (Male) |
| 6:20 | Create | Villager (Male) |
| 6:58 | Create | Villager (Male) |
| 6:58 | Create | Villager (Male) |
| 7:09 | Create | Villager (Male) |
| 7:43 | Build | Mill |
| 8:22 | Build | Mill |
| 8:37 | Build | Mining Camp |
| 8:58 | Create | Villager (Male) |
| 9:16 | Research | Loom |
| 9:36 | Research | Feudal Age |
| 9:44 | Research | Feudal Age |
| 9:44 | Research | Feudal Age |
| 10:29 | Build | Barracks |
| 10:59 | Build | House |
| 11:02 | Build | House |
| 11:39 | Build | House |
| 11:53 | Research | Loom |
| 11:54 | Age | Feudal Age |
| 12:07 | Build | Archery Range |
| 12:45 | Build | Archery Range |
| 13:11 | Build | Blacksmith |
| 13:29 | Create | Villager (Male) |
| 13:29 | Create | Villager (Male) |
| 13:43 | Research | Fletching |
| 13:44 | Research | Padded Archer Armor |
| 13:54 | Create | Archer |
| 13:54 | Create | Archer |
| 13:58 | Create | Archer |
| 13:58 | Create | Archer |
| 13:59 | Create | Archer |
| 14:03 | Create | Archer |
| 14:04 | Create | Archer |
| 14:10 | Create | Archer |
| 14:34 | Create | Archer |
| 14:34 | Create | Archer |
| 14:35 | Create | Archer |
| 14:56 | Create | Archer |
| 15:05 | Create | Archer |
| 15:22 | Create | Archer |
| 16:40 | Build | House |
| 17:45 | Build | Market |
| 20:15 | Research | Castle Age |
| 20:22 | Build | Farm |
| 20:22 | Build | Farm |
| 20:22 | Build | Farm |
| 20:23 | Build | Farm |
| 20:23 | Build | Farm |
| 20:23 | Build | Farm |
| 20:23 | Build | Farm |
| 20:24 | Build | Farm |
| 20:24 | Build | Farm |
| 20:24 | Build | Farm |
| 20:24 | Build | Farm |
| 20:25 | Build | Farm |
| 20:25 | Build | Farm |
| 20:25 | Build | Farm |
| 20:25 | Build | Farm |
| 22:14 | Build | Farm |
| 22:22 | Research | Double-Bit Axe |
| 22:55 | Age | Castle Age |
| 22:59 | Create | Villager (Male) |
| 22:59 | Create | Villager (Male) |
| 23:00 | Create | Villager (Male) |
| 23:00 | Create | Villager (Male) |
| 23:00 | Create | Villager (Male) |
| 23:00 | Create | Villager (Male) |
| 23:01 | Create | Villager (Male) |
| 23:20 | Build | Town Center |
| 23:56 | Research | Elite Skirmisher (upgrade) |
| 24:39 | Create | Villager (Male) |
| 24:39 | Create | Villager (Male) |
| 24:39 | Create | Villager (Male) |
| 24:39 | Create | Villager (Male) |
| 24:40 | Create | Villager (Male) |
| 24:40 | Create | Villager (Male) |
| 24:46 | Create | Villager (Male) |
| 24:47 | Create | Villager (Male) |
| 24:47 | Create | Villager (Male) |
| 24:47 | Create | Villager (Male) |
| 25:09 | Research | Bow Saw |
| 25:33 | Research | Horse Collar |
| 25:56 | Create | Villager (Male) |
| 25:57 | Create | Villager (Male) |
| 26:02 | Create | Villager (Male) |
| 26:02 | Create | Villager (Male) |
| 26:17 | Build | Farm |
| 26:18 | Build | Farm |
| 26:18 | Build | Farm |
| 26:18 | Build | Farm |
| 26:19 | Build | Farm |
| 26:19 | Build | Farm |
| 26:19 | Build | Farm |
| 26:20 | Build | Farm |
| 26:22 | Build | Farm |
| 26:43 | Research | Heavy Plow |
| 27:06 | Build | House |
| 27:08 | Build | House |
| 27:11 | Build | House |
| 27:13 | Build | House |
| 27:16 | Build | House |
| 27:18 | Build | House |
| 27:20 | Build | House |
| 28:09 | Create | Villager (Male) |
| 28:10 | Create | Villager (Male) |
| 28:10 | Create | Villager (Male) |
| 28:11 | Create | Villager (Male) |
| 28:12 | Create | Villager (Male) |
| 28:19 | Create | Villager (Male) |
| 28:19 | Create | Villager (Male) |
| 28:19 | Create | Villager (Male) |
| 28:20 | Create | Villager (Male) |
| 28:20 | Create | Villager (Male) |
| 28:44 | Create | Skirmisher |
| 28:44 | Create | Skirmisher |
| 28:45 | Create | Skirmisher |
| 28:45 | Create | Skirmisher |
| 28:46 | Create | Skirmisher |
| 28:49 | Create | Skirmisher |
| 28:50 | Create | Skirmisher |
| 28:50 | Create | Skirmisher |
| 28:50 | Create | Skirmisher |
| 28:51 | Create | Skirmisher |
| 28:54 | Research | Bodkin Arrow |
| 29:01 | Research | Leather Archer Armor |
Build order — josemamusik
First 150 of 1449 actions detected
| 0:05 | Build | House |
| 0:16 | Create | Villager (Male) |
| 0:17 | Create | Villager (Male) |
| 0:17 | Create | Villager (Male) |
| 0:17 | Create | Villager (Male) |
| 0:17 | Create | Villager (Male) |
| 1:46 | Build | House |
| 2:31 | Create | Villager (Male) |
| 2:32 | Create | Villager (Male) |
| 3:26 | Create | Villager (Male) |
| 3:28 | Create | Villager (Male) |
| 3:54 | Build | Lumber Camp |
| 4:21 | Create | Villager (Male) |
| 4:22 | Create | Villager (Male) |
| 4:29 | Build | House |
| 4:43 | Create | Villager (Male) |
| 4:43 | Create | Villager (Male) |
| 6:04 | Create | Villager (Male) |
| 6:06 | Create | Villager (Male) |
| 7:30 | Build | Mill |
| 7:44 | Build | Mill |
| 8:37 | Research | Feudal Age |
| 9:09 | Build | Farm |
| 9:10 | Build | Farm |
| 10:47 | Age | Feudal Age |
| 10:49 | Research | Wheelbarrow |
| 11:03 | Build | Watch Tower |
| 11:07 | Create | Villager (Male) |
| 11:07 | Create | Villager (Male) |
| 11:07 | Create | Villager (Male) |
| 12:14 | Build | Farm |
| 12:16 | Build | Farm |
| 12:18 | Build | Farm |
| 12:24 | Build | Farm |
| 12:36 | Build | Farm |
| 12:42 | Create | Villager (Male) |
| 13:09 | Build | Farm |
| 13:26 | Build | House |
| 13:36 | Create | Villager (Male) |
| 13:37 | Create | Villager (Male) |
| 14:21 | Build | House |
| 14:24 | Build | House |
| 14:48 | Build | Mining Camp |
| 15:05 | Create | Villager (Male) |
| 15:13 | Create | Villager (Male) |
| 15:26 | Create | Villager (Male) |
| 15:36 | Build | House |
| 15:52 | Build | House |
| 15:58 | Research | Double-Bit Axe |
| 16:04 | Research | Gold Mining |
| 17:09 | Build | Market |
| 17:19 | Create | Villager (Male) |
| 17:19 | Create | Villager (Male) |
| 17:20 | Create | Villager (Male) |
| 17:20 | Create | Villager (Male) |
| 17:20 | Create | Villager (Male) |
| 17:32 | Build | Barracks |
| 17:39 | Create | Villager (Male) |
| 17:39 | Create | Villager (Male) |
| 17:39 | Create | Villager (Male) |
| 18:38 | Create | Trade Cart |
| 19:24 | Build | Barracks |
| 19:58 | Build | Mining Camp |
| 20:18 | Create | Militia |
| 20:19 | Create | Militia |
| 20:19 | Create | Militia |
| 20:20 | Research | Man-at-Arms (upgrade) |
| 20:44 | Research | Stone Mining |
| 20:54 | Create | Militia |
| 20:56 | Create | Militia |
| 20:57 | Create | Militia |
| 20:59 | Create | Militia |
| 21:01 | Create | Militia |
| 21:17 | Build | Watch Tower |
| 21:33 | Create | Militia |
| 21:35 | Create | Militia |
| 21:36 | Create | Militia |
| 21:40 | Create | Villager (Male) |
| 21:41 | Create | Villager (Male) |
| 21:41 | Create | Villager (Male) |
| 21:42 | Create | Villager (Male) |
| 21:42 | Create | Villager (Male) |
| 22:07 | Build | Watch Tower |
| 22:11 | Create | Villager (Male) |
| 22:28 | Create | Militia |
| 23:05 | Build | Watch Tower |
| 23:15 | Create | Villager (Male) |
| 23:19 | Create | Villager (Male) |
| 23:20 | Create | Villager (Male) |
| 23:26 | Build | Watch Tower |
| 23:44 | Create | Villager (Male) |
| 23:45 | Create | Villager (Male) |
| 24:27 | Create | Militia |
| 24:40 | Build | Farm |
| 24:58 | Build | House |
| 25:32 | Build | House |
| 25:35 | Build | House |
| 25:56 | Create | Villager (Male) |
| 25:57 | Create | Villager (Male) |
| 25:58 | Create | Villager (Male) |
| 25:58 | Create | Villager (Male) |
| 26:03 | Create | Villager (Male) |
| 26:21 | Create | Militia |
| 26:23 | Create | Militia |
| 26:41 | Build | House |
| 26:44 | Build | House |
| 26:52 | Build | Farm |
| 26:55 | Build | Farm |
| 27:11 | Build | Watch Tower |
| 27:24 | Build | Lumber Camp |
| 27:28 | Create | Trade Cart |
| 28:01 | Build | Watch Tower |
| 28:19 | Build | Mining Camp |
| 28:28 | Create | Villager (Male) |
| 28:28 | Create | Villager (Male) |
| 28:29 | Create | Villager (Male) |
| 28:29 | Create | Villager (Male) |
| 28:29 | Create | Villager (Male) |
| 28:30 | Create | Villager (Male) |
| 28:56 | Build | Stone Wall |
| 29:13 | Build | Gate |
| 29:43 | Create | Militia |
| 29:43 | Create | Militia |
| 29:49 | Create | Villager (Male) |
| 29:50 | Create | Villager (Male) |
| 29:52 | Create | Villager (Male) |
| 30:19 | Create | Trade Cart |
| 31:10 | Build | Stone Wall |
| 31:32 | Create | Villager (Male) |
| 31:32 | Create | Villager (Male) |
| 32:03 | Create | Villager (Male) |
| 32:03 | Create | Villager (Male) |
| 32:08 | Build | Farm |
| 32:13 | Build | Farm |
| 32:15 | Build | Farm |
| 32:26 | Build | House |
| 32:29 | Build | House |
| 32:51 | Create | Villager (Male) |
| 32:53 | Create | Villager (Male) |
| 33:25 | Build | Stone Wall |
| 33:36 | Build | Stone Wall |
| 33:49 | Build | Stone Wall |
| 34:17 | Build | Stone Wall |
| 34:19 | Build | Stone Wall |
| 34:35 | Build | Stone Wall |
| 34:54 | Create | Militia |
| 35:14 | Build | Blacksmith |
| 35:32 | Build | Gate |
| 35:47 | Create | Villager (Male) |
| 35:57 | Research | Forging |
Build order — leehunt85
First 150 of 986 actions detected
| 0:04 | Build | House |
| 0:09 | Create | Villager (Male) |
| 0:09 | Create | Villager (Male) |
| 0:09 | Create | Villager (Male) |
| 0:18 | Create | Villager (Male) |
| 0:37 | Build | House |
| 0:41 | Build | House |
| 0:49 | Create | Villager (Male) |
| 1:30 | Build | Barracks |
| 1:36 | Create | Villager (Male) |
| 2:11 | Create | Villager (Male) |
| 2:42 | Create | Villager (Male) |
| 3:03 | Create | Villager (Male) |
| 3:33 | Create | Villager (Male) |
| 3:54 | Create | Villager (Male) |
| 4:22 | Build | Mill |
| 4:27 | Create | Villager (Male) |
| 4:30 | Create | Villager (Male) |
| 4:44 | Create | Villager (Male) |
| 5:02 | Build | House |
| 5:12 | Create | Villager (Male) |
| 5:26 | Create | Villager (Male) |
| 5:37 | Build | House |
| 5:43 | Create | Villager (Male) |
| 6:08 | Create | Villager (Male) |
| 6:08 | Create | Villager (Male) |
| 6:39 | Create | Villager (Male) |
| 6:54 | Build | Lumber Camp |
| 7:17 | Build | Farm |
| 8:18 | Build | Farm |
| 9:00 | Build | Farm |
| 9:17 | Research | Feudal Age |
| 9:17 | Research | Loom |
| 9:39 | Create | Villager (Male) |
| 9:40 | Create | Villager (Male) |
| 9:40 | Create | Villager (Male) |
| 9:51 | Build | House |
| 10:37 | Build | Farm |
| 10:41 | Build | Farm |
| 11:21 | Age | Feudal Age |
| 11:31 | Build | Stone Wall |
| 11:43 | Create | Villager (Male) |
| 11:43 | Create | Villager (Male) |
| 11:43 | Create | Villager (Male) |
| 11:43 | Create | Villager (Male) |
| 11:53 | Create | Spearman |
| 11:53 | Create | Spearman |
| 12:01 | Build | Stone Wall |
| 12:07 | Research | Horse Collar |
| 12:13 | Create | Villager (Male) |
| 12:14 | Create | Villager (Male) |
| 12:36 | Create | Spearman |
| 12:48 | Build | Blacksmith |
| 13:12 | Build | Stone Wall |
| 13:19 | Build | Stone Wall |
| 13:26 | Build | Market |
| 13:51 | Create | Villager (Male) |
| 14:10 | Build | Gate |
| 14:19 | Build | Farm |
| 14:24 | Build | Farm |
| 15:20 | Build | House |
| 15:26 | Build | House |
| 15:37 | Create | Spearman |
| 15:37 | Create | Spearman |
| 15:47 | Build | Gate |
| 15:59 | Build | House |
| 16:02 | Build | House |
| 16:06 | Build | House |
| 16:38 | Build | Stone Wall |
| 17:13 | Research | Castle Age |
| 17:23 | Build | Stone Wall |
| 17:28 | Build | Stone Wall |
| 17:33 | Build | Stone Wall |
| 17:48 | Create | Villager (Male) |
| 17:48 | Create | Villager (Male) |
| 17:48 | Create | Villager (Male) |
| 18:04 | Build | Archery Range |
| 18:08 | Build | Stable |
| 18:45 | Research | Bloodlines |
| 19:39 | Age | Castle Age |
| 19:58 | Create | Villager (Male) |
| 19:58 | Create | Villager (Male) |
| 20:44 | Research | Husbandry |
| 20:57 | Build | Farm |
| 21:00 | Create | Villager (Male) |
| 21:00 | Create | Villager (Male) |
| 21:07 | Build | Farm |
| 21:17 | Build | Farm |
| 21:20 | Build | Farm |
| 21:38 | Build | Farm |
| 21:42 | Build | Farm |
| 21:47 | Research | Elite Skirmisher (upgrade) |
| 21:48 | Create | Skirmisher |
| 21:51 | Create | Knight |
| 22:11 | Build | Mining Camp |
| 22:31 | Build | Castle |
| 22:44 | Create | Villager (Male) |
| 22:44 | Create | Villager (Male) |
| 22:45 | Create | Villager (Male) |
| 23:04 | Build | Mining Camp |
| 23:21 | Build | Farm |
| 23:24 | Build | Farm |
| 23:47 | Create | Villager (Male) |
| 23:48 | Create | Villager (Male) |
| 23:48 | Create | Villager (Male) |
| 23:59 | Create | Knight |
| 24:04 | Create | Skirmisher |
| 24:04 | Create | Skirmisher |
| 24:05 | Create | Skirmisher |
| 24:20 | Build | House |
| 24:27 | Build | House |
| 24:31 | Build | House |
| 24:34 | Build | House |
| 24:40 | Create | Knight |
| 24:41 | Create | Knight |
| 24:57 | Create | Villager (Male) |
| 24:57 | Create | Villager (Male) |
| 25:02 | Create | Skirmisher |
| 25:02 | Create | Skirmisher |
| 25:56 | Create | Villager (Male) |
| 25:56 | Create | Villager (Male) |
| 25:56 | Create | Villager (Male) |
| 26:05 | Build | Farm |
| 26:13 | Build | House |
| 26:16 | Build | House |
| 26:21 | Build | House |
| 26:52 | Research | Padded Archer Armor |
| 26:55 | Research | Scale Barding Armor |
| 26:56 | Research | Forging |
| 27:05 | Build | Town Center |
| 27:21 | Build | Town Center |
| 27:42 | Research | Gold Mining |
| 27:54 | Create | Villager (Male) |
| 27:58 | Create | Villager (Male) |
| 27:58 | Create | Villager (Male) |
| 28:14 | Research | Heavy Plow |
| 28:22 | Create | Villager (Male) |
| 28:23 | Create | Villager (Male) |
| 28:23 | Create | Villager (Male) |
| 28:23 | Create | Villager (Male) |
| 28:24 | Create | Villager (Male) |
| 28:39 | Build | Farm |
| 28:55 | Create | Knight |
| 28:56 | Create | Knight |
| 28:56 | Create | Knight |
| 30:25 | Create | Villager (Male) |
| 30:25 | Create | Villager (Male) |
| 30:26 | Create | Villager (Male) |
| 30:34 | Create | Villager (Male) |
| 30:34 | Create | Villager (Male) |
Match timeline
| 1:30 | leehunt85 · first_building Barracks |
| 1:40 | Rogebeto · wall_segment Palisade Wall x11 |
| 10:04 | Rogebeto · first_building Barracks |
| 10:29 | MrAlwaysWins · first_building Barracks |
| 10:47 | josemamusik · age_up feudal |
| 11:21 | leehunt85 · age_up feudal |
| 11:31 | leehunt85 · wall_segment Stone Wall x3 |
| 11:47 | Rogebeto · first_building Archery Range |
| 11:54 | MrAlwaysWins · age_up feudal |
| 12:01 | leehunt85 · wall_segment Stone Wall x4 |
| 12:07 | MrAlwaysWins · first_building Archery Range |
| 13:12 | leehunt85 · wall_segment Stone Wall x2 |
| 13:19 | leehunt85 · wall_segment Stone Wall x4 |
| 16:38 | leehunt85 · wall_segment Stone Wall x5 |
| 17:23 | leehunt85 · wall_segment Stone Wall x7 |
| 17:28 | leehunt85 · wall_segment Stone Wall x2 |
| 17:32 | josemamusik · first_building Barracks |
| 17:33 | leehunt85 · wall_segment Stone Wall x2 |
| 18:04 | leehunt85 · first_building Archery Range |
| 18:08 | leehunt85 · first_building Stable |
| 19:39 | leehunt85 · age_up castle |
| 19:58 | MrAlwaysWins · first_market_buy 100 food |
| 20:30 | Rogebeto · first_market_buy 100 food |
| 22:31 | leehunt85 · first_building Castle |
| 22:55 | MrAlwaysWins · age_up castle |
| 28:56 | josemamusik · wall_segment Stone Wall x15 |
| 30:33 | Rogebeto · first_building Monastery |
| 31:02 | leehunt85 · first_building Monastery |
| 31:10 | josemamusik · wall_segment Stone Wall x22 |
| 33:25 | josemamusik · wall_segment Stone Wall x15 |
| 33:30 | Rogebeto · first_building Castle |
| 33:36 | josemamusik · wall_segment Stone Wall x11 |
| 33:49 | josemamusik · wall_segment Stone Wall x2 |
| 34:17 | josemamusik · wall_segment Stone Wall x12 |
| 34:19 | josemamusik · wall_segment Stone Wall x1 |
| 34:35 | josemamusik · wall_segment Stone Wall x17 |
| 38:52 | josemamusik · age_up castle |
| 40:17 | josemamusik · first_building Stable |
| 40:20 | MrAlwaysWins · first_market_sell 100 food |
| 40:30 | josemamusik · first_building Siege Workshop |
| 40:42 | Rogebeto · first_market_sell 100 wood |
| 40:50 | MrAlwaysWins · first_building Castle |
| 43:04 | Rogebeto · first_building Siege Workshop |
| 43:05 | MrAlwaysWins · first_building Stable |
| 43:33 | leehunt85 · age_up imperial |
| 43:52 | josemamusik · first_building Monastery |
| 45:26 | MrAlwaysWins · age_up imperial |
| 50:29 | MrAlwaysWins · first_building Siege Workshop |
| 52:28 | josemamusik · wall_segment Stone Wall x29 |
| 53:06 | josemamusik · wall_segment Stone Wall x28 |
| 57:56 | josemamusik · wall_segment Stone Wall x6 |
| 61:47 | josemamusik · age_up imperial |
| 62:28 | josemamusik · first_building Castle |
| 66:02 | leehunt85 · first_market_sell 100 wood |
| 76:09 | leehunt85 · first_building Siege Workshop |
| 81:35 | josemamusik · first_market_sell 100 wood |
| 84:08 | Rogebeto · resign |
| 98:25 | josemamusik · wall_segment Stone Wall x12 |
[ AI ANALYSIS · 1 CREDIT ]
What really happened in this match?
Wolo.gg analyzes every decision: build order, eco, micro, common mistakes by bracket. Personalized analysis on WhatsApp or Discord in 30 seconds.
Civ guide
Ethiopians
Perfil
Jugador #10266603